AoeStats
← KootH.

Arena

506533794Analyzed
4v4 RM · 18d ago on Sep 13, 2026· 36m 3s· 8 players
Game mode
Random Map
Map size
Large (8 player)
Population
200
Speed
Normal
Resources
Standard
Victory
Conquest
Starting age
Dark Age
Ending age
Imperial Age
RankedLock teamsTeams togetherTeam positionsShared explorationLock speedFull tech treeHidden civsTurbo modeCheats
Victory
Defeat
🇺🇸 Spanish · United States
1661
+8
🇨🇴 Poles · Colombia
1659
+8
🇨🇴 Bohemians · Colombia
1414
+17
🇩🇴 Portuguese · Dominican Republic
1343
+19
🇧🇷 Mongols · Brazil
1502
-15
🇦🇷 Turks · Argentina
1483
-14
🇧🇷 Persians · Brazil
1439
-12
🇦🇷 Vikings · Argentina
1412
-11
Jjota
9:51 Feudal Age
15:12 Castle Age
14:50 Loom
20:01 Imperial Age
20:53 Padded Archer Armor
27:48 Leather Archer Armor
30:32 Ring Archer Armor
31:05 Conscription
32:06 Elite Janissary
MR FACAndo
11:00 Feudal Age
11:06 Loom
13:22 Double-Bit Axe
14:13 Horse Collar
18:04 Gold Mining
34:10 Stone Mining
TmZ_Mosquito Sedutor
10:34 Feudal Age
11:50 Horse Collar
14:25 Castle Age
15:27 Town Watch
19:32 Loom
23:22 Gold Mining
23:26 Fletching
23:38 Double-Bit Axe
24:12 Heavy Plow
25:18 Bow Saw
30:42 Imperial Age
29:59 Wheelbarrow
29:40 Bloodlines
29:30 Husbandry
30:41 Gold Shaft Mining
30:08 Stone Mining
31:33 Husbandry
KND
9:56 Feudal Age
11:45 Loom
14:10 Castle Age
12:02 Horse Collar
12:33 Double-Bit Axe
16:32 Bow Saw
16:28 Heavy Plow
24:03 Fletching
__67_7SmigoL._Arg
10:27 Feudal Age
14:23 Castle Age
12:49 Double-Bit Axe
13:13 Horse Collar
15:52 Bow Saw
15:52 Loom
18:37 Fervor
30:27 Imperial Age
28:40 Wheelbarrow
28:14 Stone Mining
28:23 Gold Mining
28:39 Fletching
28:52 Padded Archer Armor
30:53 Leather Archer Armor
32:07 Masonry
32:58 Chemistry
32:46 Conscription
32:57 Ring Archer Armor
34:41 Elite Conquistador
36:34 Bloodlines
36:25 Husbandry
KootH.
9:40 Feudal Age
13:54 Castle Age
12:11 Double-Bit Axe
12:39 Horse Collar
17:40 Loom
20:56 Bow Saw
23:14 Redemption
23:50 Sanctity
30:51 Imperial Age
29:36 Wheelbarrow
31:01 Chemistry
Nicolukas
10:44 Feudal Age
14:28 Castle Age
12:46 Loom
17:17 Horse Collar
17:26 Double-Bit Axe
21:44 Redemption
24:55 Sanctity
The .Gocho
10:18 Feudal Age
11:30 Loom
15:18 Castle Age
14:02 Horse Collar
14:11 Double-Bit Axe
15:33 Town Watch
18:12 Horse Collar
19:02 Bow Saw
20:43 Squires
20:48 Scale Mail Armor
22:15 Forging
24:23 Chain Mail Armor
28:11 Fletching
30:11 Gold Mining
31:43 Bodkin Arrow
34:29 Wheelbarrow
35:27 Iron Casting
Connection lost

Rejoining the realm…

Still unreachable

The connection could not be restored.

Session expired

The server has moved on; the page needs a fresh start.